Map: Simulacrum LE

Players

KskyVuaBai - Winner!

  • Race: Zerg Zerg
  • League: Silver
  • Spawn Location: 5:00

Ratl

  • Race: Protoss Protoss
  • League: Silver
  • Spawn Location: 11:00

VOD

Have the link to the VOD?

Description

Time

  • Played on: Feb. 8, 2020, 10:09 a.m.
  • Length: 5:51
Show
View Real Time Build Order
Export as new Build Order

KskyVuaBai Zerg - Winner!

Build Orders: Pool First 

Get SALT Encoding   

  12  0:04  Drone  
  13  0:09  Drone  
  14  0:17  Overlord  
  14  0:34  Spawning Pool  
  13  0:38  Drone  
  13  0:42  Drone  
  15  0:46  Drone  
  16  0:50  Extractor  
  16  0:52  Drone  
  16  1:01  Drone  
  17  1:13  Drone  
  18  1:21  Queen  
  18  1:24  Zergling x2  
  21  1:33  Zergling x2  
  22  1:48  Overlord  
  22  1:57  Metabolic Boost  
  22  2:14  Zergling x4  
  24  2:24  Drone  
  24  2:27  Roach Warren  
  24  2:32  Zergling x2  
  24  2:33  Zergling x6  
  28  2:44  Hatchery  
  28  2:48  Drone  
  28  2:52  Extractor  
  27  3:03  Overlord  
  27  3:05  Drone x3  
  30  3:23  Drone x2  
  27  4:01  Zergling x2  
  27  4:02  Zergling x10  
  30  4:10  Evolution Chamber  
  30  4:15  Drone  
  30  4:17  Queen  
  32  4:27  Zergling x12  
  38  4:44  Drone x3  
  41  5:02  Pneumatized Carapace  
  41  5:04  Overlord  
  41  5:05  Overlord  
  37  5:30  Zergling x12  
  37  5:31  Zergling x6  
Show
View Real Time Build Order
Export as new Build Order

Ratl Protoss 

Build Orders:  

Get SALT Encoding   

  12  0:01  Probe  
  13  0:13  Probe  
  14  0:20  Pylon  
  14  0:25  Probe  
  15  0:38  Probe  
  16  0:45  Gateway  
  16  0:50  Probe  
  17  1:02  Probe  
  17  1:03  Assimilator  
  18  1:15  Probe  
  19  1:20  Gateway  
  19  1:27  Probe  
  20  1:39  Probe  
  21  1:46  Cybernetics Core  
  21  1:48  Assimilator  
  21  1:55  Pylon  
  21  2:05  Probe  
  22  2:10  Assimilator  
  22  2:15  Zealot  
  23  2:17  Probe  
  23  2:19  Warp Gate (Chrono Boost)  
  24  2:23  Stalker  
  24  2:29  Probe  
  27  2:33  Pylon  
  27  2:41  Probe  
  28  2:53  Probe, Nexus  
  29  3:03  Pylon  
  30  3:05  Probe  
  30  3:15  Stalker  
  30  3:17  Probe  
  23  4:00  Probe  
  16  4:10  Pylon  
  16  4:11  Pylon  
  16  4:12  Zealot  
  16  4:13  Probe (Chrono Boost)  
  18  4:17  Probe (Chrono Boost)  
  18  4:23  Probe (Chrono Boost)  
  19  4:26  Probe (Chrono Boost)  
  19  4:28  Probe (Chrono Boost)  
  21  4:37  Probe (Chrono Boost)  
  22  4:39  Forge  
  22  4:45  Probe (Chrono Boost)  
  23  4:48  Probe (Chrono Boost)  
  25  4:53  Probe x2 (Chrono Boost)  
  25  4:54  Stalker  
  28  5:01  Sentry  
  28  5:03  Probe  
  28  5:04  Probe  
  30  5:18  Stalker  
  26  5:29  Stalker  
  26  5:35  Photon Cannon  
  21  5:42  Stalker  
Tags
 
Add a new tag
Caveats
  • Supply blocks, unpowered buildings, or Contaminate may cause inaccurate times.
  • Supply counts are checked every 10 seconds.